 Dungeon Crawl Stone Soup version 0.29.1-13-g9f3cf754e1 (webtiles) character file.

Game seed: 10684071911159287919

2 Thatpatchoflichen the Trooper (level 1, 0/24 HPs)
             Began as an Ogre Fighter on Jan 31, 2023.
             Slain by an orc
             ... wielding a +0 morningstar
              (1 damage)
             ... on level 2 of the Dungeon.
             The game lasted 00:01:00 (36 turns).

Thatpatchoflichen the Trooper (Ogre Fighter)          Turns: 36, Time: 00:01:00

Health: 0/24       AC:  3    Str: 19    XL:     1   Next: 30%
Magic:  1/1        EV:  8    Int:  9    God:
Gold:   0          SH:  7    Dex:  8    Spells: 0/0 levels left

rFire   . . .      SeeInvis .   a - +0 long sword
rCold   . . .      Faith    .   c - +0 kite shield
rNeg    . . .      Spirit   .   b - +0 robe
rPois   .          Reflect  .   (helmet restricted)
rElec   .          Harm     .   (no cloak)
rCorr   .          Rampage  .   (gloves unavailable)
Will    .....                   (boots unavailable)
Stlth   +.........              (no amulet)
HPRegen 0.08/turn               (no ring)
MPRegen 0.07/turn               (no ring)

@: no status effects
A: large, unfitting armour, tough skin 1
a: no special abilities


You were on level 2 of the Dungeon.
You visited 1 branch of the dungeon, and saw 2 of its levels.

Inventory:

Hand Weapons
 a - a +0 long sword (weapon)
Armour
 b - a +0 robe (worn)
 c - a +0 kite shield (worn)
Potions
 d - a potion of might


   Skills:
 - Level 4.0 Fighting
 + Level 1.8 Long Blades
 + Level 2.7 Dodging
 + Level 3.0 Shields


You couldn't memorise any spells.
You didn't know any spells.
Your spell library was empty.

Dungeon Overview and Level Annotations

Branches:
Dungeon (2/15)

Altars:


Innate Abilities, Weirdness & Mutations

You are too large for most types of armour.
You have tough skin. (AC +1)


Message History

The ball python bites you.
You closely miss the ball python. You block the ball python's attack.
You hit the ball python but do no damage.
You block the ball python's attack. x2
You hit the ball python.
You kill the ball python!
You see here a ball python corpse.
There is a stone staircase leading down here.
You climb downwards.
The kobold shouts!
Found a cloak.
There is a stone staircase leading up here.
An orc comes into view. It is wielding a +0 short sword.
The orc shouts!
You hear a shout! x2
Found a stone staircase leading down.
The kobold hits you with a +0 club.
You slash the kobold!
You kill the kobold!
An orc comes into view. It is wielding a +0 morningstar.
Things that are here:
a +0 club; 5 stones; a kobold corpse An orc wizard comes into view.
It is wielding a +0 dagger.
The orc wizard shouts!
An orc wizard comes into view. It is wielding a +0 dagger.
You closely miss the orc. You block the orc's attack.
The orc wizard mumbles some strange words.
The orc wizard flickers and vanishes!
Deactivating autopickup; reactivate with Ctrl-A.
You hit the orc.
The orc is heavily wounded.
The orc hits you with a +0 short sword. The orc hits you with a +0 morningstar!
The orc hits you with a +0 short sword.
* * * LOW HITPOINT WARNING * * *
You hit the orc but do no damage.
The orc is heavily wounded.
A rat comes into view.
You block the orc's attack. The orc hits you with a +0 morningstar!
* * * LOW HITPOINT WARNING * * *
The orc attacks as you move away! You block the orc's attack.
The orc attacks as you move away! The orc hits you with a +0 morningstar.
You die...

###### # #.#..#
.. .....#..
.######.....
........#.###..
##.).....>. .
#..@#.###..
....#..oo......
.......<.......
.......o.......
.............r#
......###.##...
....#. .. ...
#.#### .[# ..
#+ ..#


You could see an orc wizard, 2 orcs and a rat.

Vanquished Creatures
  A kobold (D:2)
  A ball python (D:1)
2 creatures vanquished.

Notes
Turn   | Place    | Note
-------+----------+-------------------------------------------
     0 | D:1      | Thatpatchoflichen the Ogre Fighter began the quest for the
                  | Orb.
     0 | D:1      | Reached XP level 1. HP: 24/24 MP: 1/1
    30 | D:2      | Noticed an orc wizard
    31 | D:2      | Noticed an orc wizard
    34 | D:2      | HP: 1/24 [orc/+0 morningstar (7)]
    36 | D:2      | Slain by an orc

Illustrated notes

Levels and vault maps discovered:
D:1:      saegor_arrival_simple_c, layout_loops_corners,
          hangedman_decor_slide_cut, dreamdust_princess_bridge
D:2:      layout_basic, hellmonk_ecumenical_altar_leap_of_faith, basic_altar,
          chequers_avenue

Action                   || total
-------------------------++-------
Melee: Long sword        ||     8
Armor: Robe              ||     1
Block: Kite shield       ||     6
